[Event "ICC tourney 2481 (75 10)"]
[Site "Internet Chess Club"]
[Date "2021.03.27"]
[Round "3"]
[White "Lu, Samuel:chess-soccer"]
[Black "Renderer, Winslow Scott:BEASTMODE1"]
[Result "1/2-1/2"]
[ICCResult "Game drawn by mutual agreement"]
[WhiteElo "1615"]
[BlackElo "1727"]
[Opening "Queen's pawn, Mason variation"]
[ECO "D00"]
[NIC "QP.08"]
[Time "19:02:13"]
[PlyCount "69"]
[TimeControl "4500+10"]

1. d4 d5 2. Bf4 Nf6 3. e3 Bf5 4. Bd3 Bg6 5. h3 c6 6. Nf3 Nbd7 7. c3 Nb6 8.
Ne5 Bxd3 9. Qxd3 Ne4 10. Nd2 Nxd2 11. Qxd2 f6 12. Nd3 Nc4 13. Qe2 Qb6 14.
b3 Na3 15. O-O g6 16. e4 Nb5 17. Rac1 e6 18. Rfe1 Kf7 19. exd5 cxd5 20. Nc5
Bxc5 21. dxc5 Qc6 22. c4 Nd4 23. Qe3 Nf5 24. cxd5 exd5 25. Qd3 Rhe8 26. g4
Rxe1+ 27. Rxe1 Ng7 28. Bd6 Ne6 29. Rxe6 Kxe6 30. Qe3+ Kf7 31. Qe7+ Kg8 32.
Qe6+ Kg7 33. Qe7+ Kg8 34. Qe6+ Kg7 35. Qe7+ { Game drawn by mutual
agreement } 1/2-1/2

[Event "ICC tourney 2481 (75 10)"]
[Site "Internet Chess Club"]
[Date "2021.03.27"]
[Round "3"]
[White "Xiao, Marina:marinaxiao"]
[Black "THATIPARTHI, VINEETHREDDY:Vinny773175"]
[Result "1-0"]
[ICCResult "Black resigns"]
[WhiteElo "1484"]
[BlackElo "1763"]
[Opening "Sicilian: Scheveningen (Paulsen), classical variation"]
[ECO "B84"]
[NIC "SI.23"]
[Time "19:02:23"]
[PlyCount "93"]
[TimeControl "4500+10"]

1. e4 c5 2. Nf3 d6 3. d4 cxd4 4. Nxd4 Nf6 5. Nc3 a6 6. Be2 e6 7. Be3 Be7 8.
O-O O-O 9. Nb3 Nc6 10. f4 Re8 11. Bd3 e5 12. f5 Bf8 13. Na4 b5 14. Bb6 Qd7
15. Nc3 Rb8 16. Be3 d5 17. exd5 Nxd5 18. Nxd5 Qxd5 19. f6 e4 20. fxg7 Bxg7
21. Be2 Qxd1 22. Raxd1 Bxb2 23. Bh5 Ne5 24. Bf4 Rb7 25. Nc5 Rc7 26. Nxe4
Kg7 27. Rde1 Bd4+ 28. Kh1 Rce7 29. Bg5 Rc7 30. c3 Bxc3 31. Nxc3 Rxc3 32.
Bf6+ Kg8 33. Bxe5 Rc2 34. Bxf7+ Kf8 35. Bxe8+ Kxe8 36. Bg3+ Kd7 37. Rf2 Rc4
38. Rd2+ Kc6 39. Rd6+ Kc5 40. Rdd1 Kb4 41. Bd6+ Ka4 42. Rc1 Be6 43. Rxc4+
Bxc4 44. a3 a5 45. Re7 Bd3 46. Ra7 Be4 47. Kg1 { Black resigns } 1-0

[Event "ICC tourney 2481 (75 10)"]
[Site "Internet Chess Club"]
[Date "2021.03.27"]
[Round "3"]
[White "MUNAGANURI, VAMSI:TacticalVM"]
[Black "LI, DAVID TONGJIA:UltimateDL"]
[Result "0-1"]
[ICCResult "White checkmated"]
[WhiteElo "1678"]
[BlackElo "1767"]
[Opening "Sicilian: closed, 6.f4"]
[ECO "B25"]
[NIC "SI.45"]
[Time "19:02:30"]
[PlyCount "66"]
[TimeControl "4500+10"]

1. e4 c5 2. Nc3 Nc6 3. g3 g6 4. Bg2 Bg7 5. d3 d6 6. f4 e6 7. Nf3 Nge7 8.
O-O O-O 9. Be3 b6 10. Qd2 Bb7 11. g4 d5 12. Bf2 dxe4 13. Nxe4 Qd7 14. h3 f5
15. Ng3 fxg4 16. hxg4 Nd5 17. Ne2 Rae8 18. Rab1 e5 19. f5 gxf5 20. gxf5
Rxf5 21. Ng3 Rf7 22. Ng5 Rf4 23. Rbe1 Ref8 24. Bh3 Qe7 25. Ne6 R8f7 26. c4
Qh4 27. cxd5 Qxh3 28. Nxf4 Rxf4 29. Re4 Nd4 30. Rxf4 exf4 31. Qxf4 Bxd5 32.
Qb8+ Bf8 33. Ne4 Nf3# { White checkmated } 0-1

[Event "ICC tourney 2481 (75 10)"]
[Site "Internet Chess Club"]
[Date "2021.03.27"]
[Round "3"]
[White "CHERUKURI, NITESH:Niteshc"]
[Black "SATTARU, SRITEJ SAI:FL2009"]
[Result "0-1"]
[ICCResult "White resigns"]
[WhiteElo "1690"]
[BlackElo "1820"]
[Opening "Giuoco Piano"]
[ECO "C54"]
[NIC "IG.02"]
[Time "19:03:06"]
[PlyCount "72"]
[TimeControl "4500+10"]

1. e4 e5 2. Nf3 Nc6 3. Bc4 Bc5 4. c3 Nf6 5. d3 d6 6. a4 a6 7. b4 Ba7 8. h3
h6 9. Be3 Bxe3 10. fxe3 O-O 11. O-O Ne7 12. Nbd2 Ng6 13. d4 Qe7 14. Re1 Be6
15. Qb3 Kh7 16. Rad1 Rad8 17. Nf1 Nxe4 18. d5 Bd7 19. Bd3 Nf6 20. Bc2 Ng8
21. Qb1 f5 22. Ng3 e4 23. Nd4 Qe5 24. Nf1 Qxd5 25. c4 Qe5 26. Ne2 Be6 27.
Rd4 N8e7 28. b5 a5 29. Nfg3 b6 30. Rf1 d5 31. Nf4 Nxf4 32. Rxf4 Ng6 33. Rf1
dxc4 34. Rxd8 Rxd8 35. Nxe4 fxe4 36. Bxe4 Qg5 { White resigns } 0-1

[Event "ICC tourney 2481 (75 10)"]
[Site "Internet Chess Club"]
[Date "2021.03.27"]
[Round "3"]
[White "CAREY, MICHAEL P:xyzchessdude"]
[Black "VATS, ATIKSH:avats"]
[Result "1-0"]
[ICCResult "Black resigns"]
[WhiteElo "1953"]
[BlackElo "1577"]
[Opening "English: Kurajica defense"]
[ECO "A13"]
[NIC "RE.12"]
[Time "19:02:22"]
[PlyCount "73"]
[TimeControl "4500+10"]

1. Nf3 d5 2. c4 e6 3. g3 c6 4. b3 Nf6 5. Bg2 Be7 6. O-O O-O 7. Bb2 Re8 8.
d4 Nbd7 9. Nbd2 Nf8 10. Qc2 Bd7 11. Rad1 Qa5 12. Bc3 Bb4 13. Bxb4 Qxb4 14.
Ne5 Qe7 15. Rfe1 Rad8 16. e4 dxe4 17. Nxe4 Nxe4 18. Bxe4 Bc8 19. Bg2 Nd7
20. Ng4 Nf6 21. Ne5 Nd7 22. Nd3 Qf6 23. Ne5 Nxe5 24. dxe5 Qe7 25. c5 Qc7
26. f4 b6 27. Rd6 Bb7 28. Red1 Rxd6 29. cxd6 Qd7 30. b4 Rc8 31. Qa4 Ba8 32.
a3 h6 33. h4 h5 34. Rc1 g6 35. Rc3 Kg7 36. Kh2 Qe8 37. Qxa7 { Black resigns
} 1-0

[Event "ICC tourney 2481 (75 10)"]
[Site "Internet Chess Club"]
[Date "2021.03.27"]
[Round "3"]
[White "Ghosh, Dipankar:Dipankar007"]
[Black "CHANDRANI, SHLOK JAYESH:jack2212"]
[Result "1-0"]
[ICCResult "Black resigns"]
[WhiteElo "1850"]
[BlackElo "1739"]
[Opening "Caro-Kann: exchange, Rubinstein variation"]
[ECO "B13"]
[NIC "CK.02"]
[Time "19:02:28"]
[PlyCount "71"]
[TimeControl "4500+10"]

1. e4 c6 2. d4 d5 3. exd5 cxd5 4. Bd3 Nc6 5. c3 Nf6 6. Bf4 g6 7. h3 Bg7 8.
Nf3 O-O 9. O-O Bf5 10. Bxf5 gxf5 11. Ne5 Kh8 12. Nd2 e6 13. Nxc6 bxc6 14.
Qa4 Qb6 15. Rab1 Rg8 16. Nf3 Ne4 17. Rfe1 Bf6 18. Ne5 Bxe5 19. Bxe5+ f6 20.
Rxe4 fxe5 21. Rxe5 Rg6 22. Qb3 Rag8 23. g3 Qd8 24. Kh2 f4 25. Rg1 Qf6 26.
Qc2 f3 27. Qd2 Qg7 28. Qe3 Qf6 29. Rh5 Rg5 30. Rxg5 Rxg5 31. Re1 e5 32.
dxe5 Qf5 33. Qf4 Qxf4 34. gxf4 Rg2+ 35. Kh1 Kg8 36. Rg1 { Black resigns }
1-0

[Event "ICC tourney 2481 (75 10)"]
[Site "Internet Chess Club"]
[Date "2021.03.27"]
[Round "3"]
[White "NEMMALI, PRATEEK R:Priccchess"]
[Black "YANG, MAXWELL Z:tigertiger2019"]
[Result "1/2-1/2"]
[ICCResult "Game drawn because neither player has mating material"]
[WhiteElo "1822"]
[BlackElo "1650"]
[Opening "Sicilian: Najdorf, Adams attack"]
[ECO "B90"]
[NIC "SI.14"]
[Time "19:02:26"]
[PlyCount "106"]
[TimeControl "4500+10"]

1. e4 c5 2. Nf3 d6 3. d4 cxd4 4. Nxd4 Nf6 5. Nc3 a6 6. h3 e6 7. Be3 d5 8.
exd5 Nxd5 9. Nxd5 Qxd5 10. Qf3 Qxf3 11. Nxf3 Be7 12. O-O-O O-O 13. Bd3 Nc6
14. Bb6 Bd8 15. Bxd8 Rxd8 16. Be4 Bd7 17. g4 Be8 18. c3 Rxd1+ 19. Rxd1 Rd8
20. Rxd8 Nxd8 21. Nd4 e5 22. Nf5 g6 23. Nd6 Bc6 24. Bxc6 bxc6 25. Nc4 f6
26. Kd2 Ne6 27. Na5 c5 28. Ke3 Nf4 29. Nb7 Ne6 30. a4 Kf8 31. b4 cxb4 32.
cxb4 Ke7 33. Ke4 Kd7 34. h4 Kc7 35. Nc5 Nxc5+ 36. bxc5 Kc6 37. g5 fxg5 38.
hxg5 Kxc5 39. Kxe5 Kb4 40. Kf6 Kxa4 41. Kg7 Kb4 42. Kxh7 a5 43. Kxg6 a4 44.
Kf7 a3 45. g6 a2 46. g7 a1=Q 47. g8=Q Qa2+ 48. Kg7 Qb2+ 49. Kh6 Qxf2 50.
Qb8+ Kc4 51. Qc7+ Kd3 52. Qd6+ Qd4 53. Qxd4+ Kxd4 { Game drawn because
neither player has mating material } 1/2-1/2

[Event "ICC tourney 2481 (75 10)"]
[Site "Internet Chess Club"]
[Date "2021.03.27"]
[Round "3"]
[White "YAN, NATHAN:Natey"]
[Black "PARVATHANENI, NIKHIL:Nikhilp"]
[Result "0-1"]
[ICCResult "White checkmated"]
[WhiteElo "1868"]
[BlackElo "1793"]
[Opening "Ruy Lopez: Marshall counter-attack, 11...c6"]
[ECO "C89"]
[NIC "RL.17"]
[Time "19:02:25"]
[PlyCount "116"]
[TimeControl "4500+10"]

1. e4 e5 2. Nf3 Nc6 3. Bb5 a6 4. Ba4 Nf6 5. O-O Be7 6. Re1 b5 7. Bb3 O-O 8.
c3 d5 9. exd5 Nxd5 10. Nxe5 Nxe5 11. Rxe5 c6 12. d3 Bd6 13. Re1 Qh4 14. g3
Qh3 15. Re4 g5 16. Bxg5 Qf5 17. Bh6 Rd8 18. Qd2 Qg6 19. Qg5 Bf5 20. Bxd5
cxd5 21. Qxg6+ fxg6 22. Re3 d4 23. cxd4 Bf8 24. Bxf8 Kxf8 25. Nc3 Rxd4 26.
Rd1 Rad8 27. Ne2 Rxd3 28. Rexd3 Rxd3 29. Rxd3 Bxd3 30. Nf4 Bc4 31. b3 Bf7
32. Kf1 Ke7 33. Ke2 Kd6 34. Kd3 g5 35. Ng2 Kc5 36. Ne3 Bg6+ 37. Kc3 b4+ 38.
Kd2 Bb1 39. Kc1 Bd3 40. Kd2 Be4 41. Nc4 h5 42. Ke3 Bd5 43. Nd2 g4 44. Ne4+
Kb5 45. Kd4 Bg8 46. Ng5 a5 47. Ne4 a4 48. Nd2 a3 49. f3 gxf3 50. Nxf3 Bxb3
51. Nd2 Bxa2 52. Kd3 Be6 53. Kc2 Ka4 54. Kb1 b3 55. h4 Bf5+ 56. Ka1 b2+ 57.
Ka2 Bg6 58. Nf3 b1=Q# { White checkmated } 0-1

[Event "ICC tourney 2481 (75 10)"]
[Site "Internet Chess Club"]
[Date "2021.03.27"]
[Round "3"]
[White "WANG, MAXWELL GEORG:MaxWang"]
[Black "PU, LANDON:landonp"]
[Result "1-0"]
[ICCResult "Black resigns"]
[WhiteElo "1778"]
[BlackElo "1483"]
[Opening "Giuoco Piano"]
[ECO "C54"]
[NIC "IG.02"]
[Time "19:02:20"]
[PlyCount "97"]
[TimeControl "4500+10"]

1. e4 e5 2. Nf3 Nc6 3. Bc4 Bc5 4. c3 Nf6 5. d3 h6 6. O-O d6 7. h3 O-O 8.
Re1 a6 9. d4 Bb6 10. Bb3 Re8 11. Bc2 Bd7 12. Na3 Qc8 13. Nc4 Ba7 14. dxe5
dxe5 15. Be3 Bxe3 16. Nxe3 Be6 17. Nd5 Qd8 18. Qe2 Nxe4 19. Bxe4 Bxd5 20.
Rad1 Qc8 21. Bxd5 Qf5 22. Qe4 Qf6 23. Bxc6 bxc6 24. Nxe5 Qe6 25. Qxc6 Qxa2
26. Qc4 Qxc4 27. Nxc4 Kf8 28. Rxe8+ Rxe8 29. Kf1 Rc8 30. Ra1 Ra8 31. Ke2
Ke7 32. Ke3 f5 33. Ra5 Kf6 34. b4 Re8+ 35. Kd2 Re6 36. Rc5 Re7 37. Rc6+ Kg5
38. Rxa6 Rd7+ 39. Ke2 Re7+ 40. Kf1 Rd7 41. Ra2 Kf4 42. Rd2 Re7 43. Rd4+ Kg5
44. h4+ Kf6 45. g3 g6 46. Ne3 Ke5 47. Kg2 Ke6 48. Kf3 f4 49. Re4+ { Black
resigns } 1-0

[Event "ICC tourney 2481 (75 10)"]
[Site "Internet Chess Club"]
[Date "2021.03.27"]
[Round "3"]
[White "SU, JASMINE ZHIXIN:chessisthebest1"]
[Black "OPASKA, MICHAEL:mopaska1106"]
[Result "1-0"]
[ICCResult "Black resigns"]
[WhiteElo "1806"]
[BlackElo "1945"]
[Opening "Sicilian: Pelikan, Chelyabinsk variation"]
[ECO "B32"]
[NIC "SI.37"]
[Time "19:02:55"]
[PlyCount "111"]
[TimeControl "4500+10"]

1. e4 c5 2. Nf3 Nc6 3. d4 cxd4 4. Nxd4 e5 5. Nb5 d6 6. N1c3 Nf6 7. Bg5 a6
8. Na3 b5 9. Nd5 Be7 10. Bxf6 Bxf6 11. c4 b4 12. Nc2 Rb8 13. b3 O-O 14. g3
Bg5 15. Bg2 g6 16. O-O h5 17. Qd3 h4 18. Rad1 h3 19. Bh1 Qa5 20. Ra1 Qc5
21. a3 bxa3 22. b4 Qa7 23. Rxa3 Nd4 24. Nxd4 Qxd4 25. Qxd4 exd4 26. f4 Bh6
27. Rb1 Bg7 28. Bf3 Kh8 29. Kf2 Rd8 30. b5 axb5 31. Rxb5 Bd7 32. Rb6 Rxb6
33. Nxb6 Be6 34. Be2 Rb8 35. Ra8 Rxa8 36. Nxa8 f5 37. Nc7 Bd7 38. Bd3 Kh7
39. exf5 gxf5 40. Nb5 d5 41. cxd5 Kg6 42. g4 Kf6 43. g5+ Ke7 44. Kg3 Bxb5
45. Bxb5 Kd6 46. Bd3 Kxd5 47. Bxf5 Kc4 48. Kxh3 d3 49. Bxd3+ Kxd3 50. Kg4
Ke4 51. h4 Bf8 52. h5 Bd6 53. f5 Ke5 54. h6 Bf8 55. h7 Bg7 56. f6 { Black
resigns } 1-0

[Event "ICC tourney 2481 (75 10)"]
[Site "Internet Chess Club"]
[Date "2021.03.27"]
[Round "3"]
[White "TALWALKAR, VEDANT AMEYA:castle2king"]
[Black "YUAN, SERENA:doudou2011"]
[Result "1/2-1/2"]
[ICCResult "Game drawn by mutual agreement"]
[WhiteElo "1644"]
[BlackElo "1487"]
[Opening "Sicilian: Pelikan, Chelyabinsk variation"]
[ECO "B33"]
[NIC "SI.37"]
[Time "19:02:19"]
[PlyCount "83"]
[TimeControl "4500+10"]

1. e4 c5 2. Nf3 Nc6 3. d4 cxd4 4. Nxd4 Nf6 5. Nc3 e5 6. Ndb5 d6 7. Bg5 a6
8. Na3 b5 9. Nd5 Be7 10. Bxf6 Bxf6 11. c3 O-O 12. Nc2 Bg5 13. Nce3 Be6 14.
a4 bxa4 15. Rxa4 a5 16. Bc4 Rb8 17. b3 Kh8 18. O-O Bxe3 19. Nxe3 Ne7 20.
Bxe6 fxe6 21. Nc4 d5 22. Nxe5 Qc7 23. Qd4 Rxb3 24. exd5 exd5 25. c4 dxc4
26. Rxc4 Qb7 27. Nf7+ Kg8 28. Nd6 Qb8 29. Qe5 Rb6 30. Qe6+ Kh8 31. Nf7+ Kg8
32. Nh6+ Kh8 33. Qxe7 Rxh6 34. h3 Qd8 35. Qa3 Ra6 36. Qc3 Ra7 37. Rc1 Rd7
38. Rc8 Rd1+ 39. Kh2 Qd6+ 40. Qg3 Qxg3+ 41. fxg3 Rdd8 42. R8c5 { Game drawn
by mutual agreement } 1/2-1/2

[Event "ICC tourney 2481 (75 10)"]
[Site "Internet Chess Club"]
[Date "2021.03.27"]
[Round "3"]
[White "MAZUMDAR, SHAURYA:raremystery"]
[Black "Bian, Erin:funpawn"]
[Result "1/2-1/2"]
[ICCResult "Game drawn by mutual agreement"]
[WhiteElo "1673"]
[BlackElo "1812"]
[Opening "Giuoco Piano"]
[ECO "C50"]
[NIC "IG.02"]
[Time "19:02:30"]
[PlyCount "105"]
[TimeControl "4500+10"]

1. e4 e5 2. Nf3 Nc6 3. Bc4 Bc5 4. O-O Nf6 5. d3 O-O 6. c3 d6 7. a4 a5 8.
Nbd2 Ne7 9. h3 Ng6 10. Re1 h6 11. Nf1 Re8 12. Ng3 c6 13. d4 Bb6 14. Qc2 d5
15. exd5 cxd5 16. Bb5 Nd7 17. Bxd7 Bxd7 18. dxe5 Bc7 19. Bd2 Nxe5 20. Nxe5
Bxe5 21. Qd3 Bxg3 22. Qxg3 Qf6 23. Be3 Kh7 24. Bd4 Qg6 25. Qxg6+ Kxg6 26.
Be3 Re4 27. b3 Rae8 28. Red1 Bc6 29. Bb6 Ra8 30. Re1 Rxe1+ 31. Rxe1 Re8 32.
Rxe8 Bxe8 33. Bxa5 Kf5 34. Kf1 Ke6 35. Ke2 b5 36. axb5 Bxb5+ 37. Kf3 Kd6
38. Bb4+ Ke6 39. g3 g6 40. Bf8 h5 41. Ke3 Kd7 42. Kd4 Kc6 43. Be7 Bf1 44.
h4 Bh3 45. c4 dxc4 46. Kxc4 Be6+ 47. Kb4 Bd5 48. Ka4 Be6 49. b4 Bc4 50. Ka5
Bb5 51. Bg5 Bc4 52. Ka4 Bb5+ 53. Kb3 { Game drawn by mutual agreement }
1/2-1/2

[Event "ICC tourney 2481 (75 10)"]
[Site "Internet Chess Club"]
[Date "2021.03.27"]
[Round "3"]
[White "MOERLIEN, PUWIT SKY:SuperBlueSky"]
[Black "LIANG, ETHAN Y:ELCCEthan488"]
[Result "0-1"]
[ICCResult "White resigns"]
[WhiteElo "1631"]
[BlackElo "1783"]
[Opening "QGD: Tartakower (Makagonov-Bondarevsky) system"]
[ECO "D58"]
[NIC "QO.09"]
[Time "19:02:22"]
[PlyCount "74"]
[TimeControl "4500+10"]

1. d4 d5 2. c4 e6 3. Nc3 Be7 4. Nf3 Nf6 5. Bg5 h6 6. Bh4 O-O 7. e3 b6 8.
Rc1 Bb7 9. Bxf6 Bxf6 10. cxd5 exd5 11. b4 Qe7 12. Qb3 Rd8 13. Be2 c6 14.
O-O Qe6 15. Rfd1 Nd7 16. Bd3 Nf8 17. Ne2 Qe8 18. b5 Ne6 19. bxc6 Bxc6 20.
Nc3 Rac8 21. Bb5 Bxb5 22. Nxb5 Rxc1 23. Rxc1 Rc8 24. Rxc8 Qxc8 25. g3 a6
26. Nc3 Ng5 27. Nxg5 Bxg5 28. Nxd5 b5 29. Nc3 Qg4 30. Qd5 b4 31. Qa8+ Kh7
32. Qe4+ Qxe4 33. Nxe4 a5 34. Kf1 a4 35. Nc5 a3 36. Nd3 b3 37. Nc5 b2 {
White resigns } 0-1

[Event "ICC tourney 2481 (75 10)"]
[Site "Internet Chess Club"]
[Date "2021.03.27"]
[Round "3"]
[White "THOMAS, MICHAEL G:chesslin"]
[Black "WELLS, KENNETH S:Shoshonte"]
[Result "1-0"]
[ICCResult "Black resigns"]
[WhiteElo "1790"]
[BlackElo "1626"]
[Opening "Queen's pawn: London system"]
[ECO "A45"]
[NIC "QP.07"]
[Time "19:02:18"]
[PlyCount "87"]
[TimeControl "4500+10"]

1. d4 Nf6 2. Bf4 d5 3. e3 e6 4. Nd2 Bd6 5. Bg3 O-O 6. Bd3 c5 7. c3 Bxg3 8.
hxg3 g6 9. Ngf3 cxd4 10. exd4 Nc6 11. Ne5 Bd7 12. g4 Qe7 13. Qf3 Nxe5 14.
dxe5 Ne8 15. Qh3 f5 16. Nf3 Rf7 17. O-O-O Rc8 18. gxf5 exf5 19. Qh6 b5 20.
Kb1 Nc7 21. Rh4 Ne6 22. Rdh1 Qf8 23. Qxg6+ Qg7 24. Qxg7+ Rxg7 25. Bxf5 Nf8
26. Bxd7 Nxd7 27. e6 Nf6 28. Rf4 Rf8 29. Rhh4 Rxg2 30. e7 Re8 31. Rxf6 Rxe7
32. Nd4 Rg6 33. Rf5 Re1+ 34. Kc2 a6 35. Rxd5 Rf1 36. Rf4 h6 37. Rd8+ Kg7
38. Nf5+ Kh7 39. Rd7+ Kh8 40. Ng3 Re1 41. Rf8+ Rg8 42. Rff7 Rg6 43. Nh5
Ree6 44. Nf4 { Black resigns } 1-0

[Event "ICC tourney 2481 (75 10)"]
[Site "Internet Chess Club"]
[Date "2021.03.27"]
[Round "3"]
[White "CHAMPSI, IMRAN:imranchamp"]
[Black "Aravindakshan, Sahana:TigerSahi"]
[Result "1-0"]
[ICCResult "Black resigns"]
[WhiteElo "1813"]
[BlackElo "1641"]
[Opening "Evans gambit"]
[ECO "C52"]
[NIC "IG.05"]
[Time "19:02:26"]
[PlyCount "73"]
[TimeControl "4500+10"]

1. e4 e5 2. Nf3 Nc6 3. Bc4 Bc5 4. b4 Bxb4 5. c3 Ba5 6. d4 exd4 7. O-O Nge7
8. Ng5 Ne5 9. Nxf7 Nxf7 10. Bxf7+ Kxf7 11. Qh5+ Kf8 12. Qxa5 dxc3 13. Nxc3
b6 14. Qg5 Bb7 15. Ba3 c5 16. Rab1 Ng6 17. Bxc5+ d6 18. Qf5+ Ke7 19. Be3
Ke8 20. Nb5 Qe7 21. Rbd1 Rd8 22. Bg5 Bxe4 23. Bxe7 Bxf5 24. Bxd8 Kxd8 25.
Nxd6 Bd7 26. Nf7+ Ke7 27. Nxh8 Nxh8 28. Rfe1+ Kd8 29. f4 Ng6 30. g3 Kc7 31.
Rd3 Bc6 32. f5 Nf8 33. Re7+ Nd7 34. Rxg7 h5 35. f6 Kc8 36. Rdxd7 Bxd7 37.
f7 { Black resigns } 1-0

[Event "ICC tourney 2481 (75 10)"]
[Site "Internet Chess Club"]
[Date "2021.03.27"]
[Round "3"]
[White "Xun, Yuxuan:xunyux0"]
[Black "AYYAPPAN, SANTHOSH:SanthoshA"]
[Result "0-1"]
[ICCResult "White resigns"]
[WhiteElo "1585"]
[BlackElo "1661"]
[Opening "English: Sicilian reversed"]
[ECO "A25"]
[NIC "EO.20"]
[Time "19:02:22"]
[PlyCount "168"]
[TimeControl "4500+10"]

1. c4 e5 2. Nc3 Nc6 3. g3 Nf6 4. Bg2 Bc5 5. e3 O-O 6. Nge2 d6 7. O-O Bd7 8.
d4 exd4 9. exd4 Bb6 10. Re1 Re8 11. a3 Nxd4 12. Nxd4 Rxe1+ 13. Qxe1 Bxd4
14. Bxb7 Rb8 15. Bg2 Ng4 16. Nd1 Qe8 17. Qxe8+ Rxe8 18. Bd2 Re2 19. Bc3
Bxc3 20. Nxc3 Rxb2 21. Rb1 Rxb1+ 22. Nxb1 Ne5 23. Nd2 Be6 24. Bf1 Kf8 25.
f4 Nd7 26. Bd3 f5 27. Nb3 Nb6 28. Na5 g6 29. Kf2 Ke8 30. Ke3 Kd7 31. Kd4
c5+ 32. Kc3 Kc7 33. Be2 Na4+ 34. Kb3 Kb6 35. Nb7 Kxb7 36. Kxa4 Kb6 37. Kb3
d5 38. cxd5 Bxd5+ 39. Kc3 Ka5 40. Bd1 h6 41. h4 Kb6 42. Ba4 Bf7 43. Bd1 Kc6
44. Ba4+ Kd6 45. Bd1 Ke7 46. Be2 Kf6 47. Bc4 Be8 48. Be2 Bf7 49. Bc4 Be6
50. a4 Ke7 51. Be2 Kd6 52. Bb5 Bd7 53. Bc4 Bxa4 54. Bf7 Bb5 55. Bxg6 Ke6
56. Bh7 a5 57. Bg8+ Kf6 58. Bd5 Be2 59. Bc6 Ke6 60. Ba4 c4 61. Bc6 Kd6 62.
Bb7 Kc5 63. Bc8 Bd3 64. Bd7 Kd5 65. g4 fxg4 66. Bxg4 Ke4 67. f5 Ke5 68. h5
Bxf5 69. Bd1 Be6 70. Bc2 Kf6 71. Kb2 Bf7 72. Bd1 Kg5 73. Kc3 Bxh5 74. Bc2
Be2 75. Kd2 Bd3 76. Ba4 h5 77. Ke3 h4 78. Bd7 Bf5 79. Bb5 c3 80. Bf1 a4 81.
Be2 a3 82. Bc4 h3 83. Bd5 h2 84. Ke2 a2 { White resigns } 0-1

[Event "ICC tourney 2481 (75 10)"]
[Site "Internet Chess Club"]
[Date "2021.03.27"]
[Round "3"]
[White "DINESH, ABINAV:abi2009"]
[Black "POWERS, LEON:PKAYLA"]
[Result "1-0"]
[ICCResult "Black resigns"]
[WhiteElo "1632"]
[BlackElo "1714"]
[Opening "Sicilian: Hungarian variation"]
[ECO "B34"]
[NIC "SI.43"]
[Time "19:02:10"]
[PlyCount "97"]
[TimeControl "4500+10"]

1. e4 c5 2. Nf3 g6 3. d4 cxd4 4. Nxd4 Bg7 5. Be3 Nc6 6. Nc3 Nf6 7. Be2 O-O
8. O-O d5 9. exd5 Nxd5 10. Nxd5 Qxd5 11. Bf3 Qd7 12. c3 Nxd4 13. Bxd4 Bxd4
14. cxd4 Qb5 15. Re1 Be6 16. Qc2 Rac8 17. Qe4 Rc7 18. b3 Rd8 19. Rac1 Rcd7
20. Red1 Qb4 21. h3 Rxd4 22. Rxd4 Rxd4 23. Qxb7 Qxb7 24. Bxb7 Rd2 25. Bc8
Bd5 26. b4 Rxa2 27. b5 Rb2 28. Ba6 e6 29. Rc7 Rb1+ 30. Kh2 h5 31. Kg3 Rb2
32. Rxa7 h4+ 33. Kxh4 Rxf2 34. g4 f6 35. b6 Rf3 36. b7 g5+ 37. Kh5 Rb3 38.
h4 e5 39. Kg6 Bf7+ 40. Kxf6 Rb6+ 41. Kf5 Kg7 42. h5 Kh6 43. b8=Q Rxb8 44.
Rxf7 Rb4 45. Rf6+ Kh7 46. Kxg5 e4 47. Kf5 e3 48. g5 e2 49. Bxe2 { Black
resigns } 1-0

[Event "ICC tourney 2481 (75 10)"]
[Site "Internet Chess Club"]
[Date "2021.03.27"]
[Round "3"]
[White "WANG, JESSICA:crazyhorse9"]
[Black "LANE, THOMAS COE:tclaneva"]
[Result "1-0"]
[ICCResult "Black resigns"]
[WhiteElo "1503"]
[BlackElo "1872"]
[Opening "Sicilian: closed"]
[ECO "B24"]
[NIC "SI.44"]
[Time "19:02:36"]
[PlyCount "61"]
[TimeControl "4500+10"]

1. e4 c5 2. Nc3 Nc6 3. g3 g6 4. Bg2 Bg7 5. d3 e6 6. f4 Nge7 7. Nf3 d5 8.
O-O O-O 9. Qe1 a6 10. a3 b5 11. Rb1 Bb7 12. g4 Nd4 13. Nh4 Nxc2 14. Qd1
Nxa3 15. bxa3 Bxc3 16. f5 dxe4 17. Rb3 Bd4+ 18. Kh1 Nc6 19. Qe1 Bf6 20. g5
Bxg5 21. Bxg5 Qxg5 22. dxe4 exf5 23. Rg3 Qf6 24. Nxf5 Kh8 25. Rh3 Rae8 26.
Qc1 gxf5 27. Rxf5 Qg7 28. Rg3 Qd4 29. Qh6 Qa1+ 30. Bf1 Ne7 31. Qxh7+ {
Black resigns } 1-0

[Event "ICC tourney 2481 (75 10)"]
[Site "Internet Chess Club"]
[Date "2021.03.27"]
[Round "3"]
[White "Kashyap, Mahati B:mnm1"]
[Black "MEIYAPPAN, KAVYA:kavyameiyappan"]
[Result "1-0"]
[ICCResult "Black resigns"]
[WhiteElo "1515"]
[BlackElo "1612"]
[Opening "Sicilian: Prins (Moscow) variation"]
[ECO "B55"]
[NIC "SI.01"]
[Time "19:02:11"]
[PlyCount "77"]
[TimeControl "4500+10"]

1. e4 c5 2. Nf3 d6 3. d4 cxd4 4. Nxd4 Nf6 5. f3 a6 6. c4 g6 7. Be3 Bg7 8.
Nc3 O-O 9. Be2 Nc6 10. b3 e5 11. Nc2 Be6 12. O-O Ne8 13. Qd2 f5 14. Rfd1 f4
15. Bf2 Qf6 16. Rac1 g5 17. Nd5 Bxd5 18. cxd5 Ne7 19. h3 Nc7 20. Na3 Rac8
21. Nc4 Na8 22. Qb4 b5 23. Na5 Rxc1 24. Rxc1 Rc8 25. Rxc8+ Nxc8 26. Nc6 Qf7
27. Qa5 Qb7 28. Qd8+ Bf8 29. Qxg5+ Qg7 30. Qf5 Ncb6 31. Nd8 Qg6 32. Qe6+
Qxe6 33. Nxe6 Nd7 34. a4 bxa4 35. bxa4 a5 36. Be1 Nab6 37. Bb5 Nc5 38. Nxc5
dxc5 39. Bxa5 { Black resigns } 1-0

[Event "ICC tourney 2481 (75 10)"]
[Site "Internet Chess Club"]
[Date "2021.03.27"]
[Round "3"]
[White "WANG, CHLOE HEATHER:kittycat35"]
[Black "Patel, Arav:APBrain"]
[Result "1/2-1/2"]
[ICCResult "Game drawn by mutual agreement"]
[WhiteElo "1725"]
[BlackElo "1669"]
[Opening "Caro-Kann: Tartakower (Nimzovich) variation"]
[ECO "B15"]
[NIC "CK.06"]
[Time "19:02:13"]
[PlyCount "78"]
[TimeControl "4500+10"]

1. e4 c6 2. d4 d5 3. Nc3 dxe4 4. Nxe4 Nf6 5. Nxf6+ exf6 6. Nf3 Be7 7. Bc4
Be6 8. Bxe6 fxe6 9. O-O O-O 10. Re1 Qd5 11. Qe2 Kf7 12. c4 Qd7 13. Qe4 Na6
14. Qf4 Kg8 15. Qg4 f5 16. Qg3 Bd6 17. Bf4 Bxf4 18. Qxf4 Rad8 19. Rad1 Rf6
20. Ne5 Qd6 21. h3 Qb4 22. b3 c5 23. dxc5 Rxd1 24. Rxd1 Nxc5 25. Qd4 h6 26.
Qd6 Qa5 27. b4 Qxb4 28. Nd7 b6 29. Nxf6+ gxf6 30. Qb8+ Kg7 31. Qxa7+ Kg6
32. Rd8 Qe1+ 33. Kh2 f4 34. Rg8+ Kf5 35. Qh7+ Ke5 36. Qc7+ Kf5 37. Qxb6
Qxf2 38. a4 f3 39. Qb1+ Ne4 { Game drawn by mutual agreement } 1/2-1/2